 Dungeon Crawl Stone Soup version 0.28-a0-1510-gd0f6b136d3 (webtiles) character file.

Game seed: 14146807329597072090

220645 Lekart the Schismatic (level 18, -7/172 HPs)
             Began as a Pale Draconian Abyssal Knight on Jan 14, 2022.
             Was an Elder of Lugonu.
             Killed from afar by a deep elf sorcerer (33 damage)
             ... with a bolt of acid
             ... on level 3 of the Elven Halls on Jan 15, 2022.
             The game lasted 02:27:21 (48272 turns).

Lekart the Schismatic (DrAK)                       Turns: 48272, Time: 02:27:22

Health: -7/172     AC: 19    Str: 18    XL:     18   Next: 48%
Magic:  0/29       EV: 23    Int: 14    God:    Lugonu [****..]
Gold:   594        SH: 23    Dex: 25    Spells: 16/22 levels left

rFire   + . .      SeeInvis +   w - +10 rapier of Vuem Vece {venom, rF+ rN++ Str+2}
rCold   + + .      Faith    .   C - +0 kite shield
rNeg    + + +      Spirit   +   (armour unavailable)
rPois   +          Reflect  .   (helmet restricted)
rElec   .          Harm     .   O - +2 cloak {rPois}
rCorr   .          Rampage  .   c - +2 pair of gloves
Will    .....                   G - +2 pair of boots
Stlth   ++........              g - brooch of Shielding {Spirit SH+8}
HPRegen 0.00/turn               L - +6 ring of dexterity
MPRegen 0.21/turn               q - ring "Yxucvoam" {rC++ rN+ Will- Int+3}

@: mighty, sick, flying, invisible
A: breathe steam, AC +10, unfitting armour, cold-blooded, steam resistance, big
wings, see invisible, low mp 1, robust 1, subdued magic 1
}: 1/15 runes: serpentine
a: Breathe Steam, Renounce Religion, Depart the Abyss, Bend Space, Banish,
Corrupt


You were on level 3 of the Elven Halls.
You worshipped Lugonu.
Lugonu was greatly pleased with you.
You visited 6 branches of the dungeon, and saw 31 of its levels.
You visited the Abyss 2 times.
You also visited: Gauntlet and Volcano.

You collected 3054 gold pieces.
You spent 2460 gold pieces at shops.

Inventory:

Hand Weapons
 b - the +5 scythe of Calamity {holy, rF- Will+++ Dex+5}
   (You bought it in a shop on level 2 of the Orcish Mines)

   It has been blessed by the Shining One to cause great damage to the undead
   and demons.
   Dex:       It affects your dexterity (+5).
   rF:        It makes you vulnerable to fire.
   Will:      It greatly increases your willpower.
 h - the +6 whip "Quinesy" {spect, rF+ rC+}
   (You bought it in a shop on level 2 of the Orcish Mines)

   When its wielder attacks, the weapon's spirit leaps out and strikes again.
   The spirit shares a part of any damage it takes with its wielder.
   rF:        It protects you from fire.
   rC:        It protects you from cold.
 p - a +6 flail of protection
 w - the +10 rapier of Vuem Vece (weapon) {venom, rF+ rN++ Str+2}
   (You found it on level 8 of the Dungeon)

   It poisons the flesh of those it strikes.
   Str:       It affects your strength (+2).
   rF:        It protects you from fire.
   rN:        It greatly protects you from negative energy.
 M - a +4 scimitar of flaming
Armour
 c - a +2 pair of gloves (worn)
 C - a +0 kite shield (worn)
 G - a +2 pair of boots (worn)
 O - a +2 cloak of poison resistance (worn)
Jewellery
 a - a ring of wizardry
 d - an amulet of regeneration
 f - a ring of protection from fire
 g - the brooch of Shielding (around neck) {Spirit SH+8}
   (You bought it in a shop on level 2 of the Orcish Mines)

   [amulet of guardian spirit]

   It causes incoming damage to be divided between your reserves of health and
   magic.
   SH:        It affects your SH (+8).
 i - an amulet of the acrobat
 k - a ring of fire
 n - a ring of willpower
 q - the ring "Yxucvoam" (right hand) {rC++ rN+ Will- Int+3}
   (You found it on level 7 of the Dungeon)

   [ring of positive energy]

   Int:       It affects your intelligence (+3).
   rC:        It greatly protects you from cold.
   rN:        It protects you from negative energy.
   Will:      It decreases your willpower.
 r - a ring of fire
 L - a +6 ring of dexterity (left hand)
 Q - a ring of protection from fire
 S - a ring of wizardry
Wands
 o - a wand of paralysis (14)
 A - a wand of polymorph (5)
 E - a wand of flame (45)
 T - a wand of acid (5)
 U - a wand of digging (10)
Scrolls
 e - 10 scrolls of amnesia
 l - 3 scrolls of blinking
 m - a scroll of teleportation
 t - 2 scrolls of fear
 u - 2 scrolls of silence
 v - 2 scrolls of summoning
 y - 3 scrolls of identify
 F - 3 scrolls of enchant weapon
 K - 3 scrolls of enchant armour
 V - a scroll of fog
 W - a scroll of magic mapping
 X - a scroll of acquirement {unknown}
Potions
 j - 8 potions of brilliance
 s - 4 potions of might
 z - 10 potions of curing
 B - 4 potions of heal wounds
 D - a potion of berserk rage
 H - 4 potions of haste
 I - 3 potions of mutation
 J - 3 potions of resistance
 N - a potion of ambrosia
 R - 3 potions of invisibility
 Z - a potion of cancellation
Miscellaneous
 x - a lightning rod (4/4)
 P - a condenser vane


   Skills:
 + Level 13.1 Fighting
 + Level 14.2(14.8) Short Blades
 + Level 6.7(11.4) Long Blades
 + Level 6.6 Maces & Flails
 + Level 1.1 Throwing
 + Level 13.1 Dodging
 + Level 14.3 Shields
 * Level 2.9 Spellcasting
 * Level 3.2 Transmutations
 * Level 3.1 Earth Magic
 + Level 20.5 Invocations
 + Level 1.8 Evocations


You had 16 spell levels left.
You knew the following spells:

 Your Spells              Type           Power      Damage    Failure   Level
a - Statue Form           Tmut/Erth      5%         N/A       100%        6

Your spell library contained the following spells:

 Spells                   Type           Power      Damage    Failure   Level
 Sandblast                Erth           16%        2d6       9%          1
 Passwall                 Tmut/Erth      6%         N/A       13%         2
 Sting                    Tmut/Pois      20%        1d4       17%         1
 Animate Skeleton         Necr           2%         N/A       32%         1
 Foxfire                  Conj/Fire      4%         2x1d4     32%         1
 Freeze                   Ice            4%         1d3       32%         1
 Magic Dart               Conj           4%         1d3       32%         1
 Pain                     Necr           4%         1d4       32%         1
 Shock                    Conj/Air       4%         1d3       32%         1
 Slow                     Hex            4%         N/A       32%         1
 Call Imp                 Summ           1%         N/A       47%         2
 Corpse Rot               Necr/Air       2%         N/A       47%         2
 Ensorcelled Hibernation  Hex/Ice        2%         N/A       47%         2
 Poisonous Vapours        Pois/Air       2%         N/A       47%         2
 Scorch                   Fire           2%         2d5       47%         2
 Searing Ray              Conj           2%         2d4       47%         2
 Static Discharge         Conj/Air       1%         N/A       47%         2
 Stone Arrow              Conj/Erth      8%         3d7       47%         3
 Ignite Poison            Fire/Tmut/Pois 3%         N/A       54%         3
 Confusing Touch          Hex            1%         N/A       71%         3
 Conjure Flame            Conj/Fire      1%         6-21      71%         3
 Dazzling Flash           Conj/Hex       2%         N/A       71%         3
 Frozen Ramparts          Ice            2%         1d2       71%         3
 Inner Flame              Hex/Fire       1%         N/A       71%         3
 Mephitic Cloud           Conj/Pois/Air  1%         N/A       71%         3
 Swiftness                Air            1%         N/A       71%         3
 Vampiric Draining        Necr           1%         2d6       71%         3
 Ice Form                 Ice/Tmut       5%         N/A       88%         4
 Leda's Liquefaction      Hex/Erth       2%         N/A       88%         4
 Blade Hands              Tmut           4%         N/A       95%         5
 Lee's Rapid Deconstruct  Erth           4%         3d6*      96%         5
 Airstrike                Air            0%         N/A       98%         4
 Dispel Undead            Necr           1%         3d6       98%         4
 Flame Wave               Conj/Fire      1%         2d4       98%         4
 Fulminant Prism          Conj/Hex       0%         3d6       98%         4
 Hailstorm                Conj/Ice       1%         3d3       98%         4
 Iskenderun's Mystic Bla  Conj/Tloc      1%         2d3       98%         4
 Olgreb's Toxic Radiance  Pois           1%         N/A       98%         4
 Sticky Flame             Conj/Fire      1%         2d3       98%         4
 Summon Lightning Spire   Summ/Air       1%         N/A       98%         4
 Irradiate                Conj/Tmut      2%         3d14      99%         5
 Agony                    Necr           1%         N/A       100%        5
 Excruciating Wounds      Necr           0%         N/A       100%        5
 Lightning Bolt           Conj/Air       0%         1d11      100%        5
 Manifold Assault         Tloc           1%         N/A       100%        5
 Metabolic Englaciation   Hex/Ice        0%         N/A       100%        5
 Summon Forest            Summ/Tloc      0%         N/A       100%        5
 Starburst                Conj/Fire      0%         6d3       100%        6
 Summon Cactus Giant      Summ           0%         N/A       100%        6
 Dragon Form              Tmut           4%         N/A       100%        7
 Storm Form               Tmut/Air       2%         N/A       100%        7
 Maxwell's Capacitive Co  Air            0%         ∞         100%        8
 Chain Lightning          Conj/Air       0%         2d1       100%        9
 Fire Storm               Conj/Fire      0%         6d1       100%        9
 Shatter                  Erth           4%         3d7*      100%        9


Dungeon Overview and Level Annotations

Branches:
Dungeon (15/15)            Temple (1/1) D:7            Lair (6/6) D:9
 Shoals (0/4) Lair:2        Snake (4/4) Lair:2        Slime (0/5) Lair:6
    Orc (2/2) D:10            Elf (3/3) Orc:2        Vaults (0/5) D:14
 Depths (0/4) D:15        Volcano (visited)         Gauntlet (visited)

Altars:
Ashenzari
Cheibriados
Dithmenos
Elyvilon
Fedhas
Gozag
Hepliaklqana
Kikubaaqudgha
Makhleb
Nemelex Xobeh
Okawaru
Qazlal
Ru
Sif Muna
Trog
Uskayaw
Vehumet
Wu Jian
Xom
Yredelemnul
Zin
The Shining One
Beogh

Shops:
D:6 ?   D:8 =   D:10 *   D:11 :   D:15 [   Orc:1 (   Orc:2 (([*=   Elf:1 ****
Elf:3 :   Snake:2 =:=

Annotations:
Lair:4 exclusion: downstairs
Snake:1 exclusion: downstairs
Snake:4 corrupted
Elf:1 corrupted
Elf:2 corrupted
Abyss:1 Kirke


Innate Abilities, Weirdness & Mutations

You can breathe blasts of scalding, opaque steam.
Your pale cyan-grey scales are hard. (AC +10)
You cannot fit into any form of body armour.
You are cold-blooded and may be slowed by cold attacks.
You are immune to the effects of steam.
Your large and strong wings let you fly.
You have supernaturally acute eyesight. (SInv)
Your magical capacity is low. (-10% MP)
You are robust. (+10% HP)
Your spells are a little easier to cast, but a little less powerful.


Message History

You tail-slap the apocalypse crab, but do no damage.
The apocalypse crab is severely wounded.
You block the apocalypse crab's attack. x2
You completely miss the apocalypse crab.
The apocalypse crab is severely wounded.
You hit the eidolon. You tail-slap the eidolon.
The eidolon is lightly damaged.
The apocalypse crab breathes chaos at you.
The blast of chaos engulfs you but does no damage.
The eidolon is engulfed in seething chaos.
You block the eidolon's attack. x2
You hit the eidolon. You tail-slap the eidolon.
The eidolon is lightly damaged.
You are engulfed in seething chaos.
You feel very mighty all of a sudden.
You kill the apocalypse crab!
That felt strangely unrewarding.
A hellwing comes into view.
Space bends sharply around you!
You blink.
A large abomination comes into view.
The large abomination blinks!
The hellwing gives a chilling moan.
The eidolon is engulfed in seething chaos.
You pass through the gate.
Welcome back to the Elven Halls!
The deep elf sorcerer gestures at you while chanting.
The bolt of acid hits you!!!
The deep elf sorcerer casts a spell.
The deep elf sorcerer seems to speed up.
You hear a shout!
You hear a shout! x2
The deep elf sorcerer casts a spell at you.
You resist the pull of the Abyss.
The deep elf sorcerer gestures at you while chanting.
The sphere of damnation explodes!
The damnation engulfs you!!!
* * * LOW HITPOINT WARNING * * *
You hear a shout! x6
The deep elf sorcerer gestures at you while chanting.
The bolt of acid hits you!!!
You die...

#.'..∩..'.#....## ....
#####.#####..#........
# #8#.##.##)######..
###+##.#...## #
#......##
#.##.......##
#...........###.#
##........<.....#
##..e...@..###
#.........##
#.##.....## #) ##...##
#. ##### #.


You could see a deep elf sorcerer (fast).

Vanquished Creatures
  A tentacled starspawn (Abyss:5)
  7 nagarajas
  A deep elf elementalist (Elf:3)
  A deep elf annihilator (Elf:3)
  Azrael (Lair:2)
  16 naga warriors
  A merfolk avatar (Lair:6)
  3 boulder beetles
  11 anacondas
  5 centaur warriors
  27 dancing weapons
  3 two-headed ogres
  3 tengu warriors
  6 shock serpents
  4 thrashing horrors
  2 orc high priests (Orc:2)
  Sonja (Orc:1)
  4 naga sharpshooters
  12 deep elf knights
  A skeletal warrior (D:14)
  2 deep trolls (D:13)
  2 salamander mystics (Snake:3)
  7 sea snakes
  9 naga ritualists
  A wizard (D:15)
  A glowing orange brain (Abyss:5)
  A harpy (Lair:6)
  A lindwurm (Lair:1)
  7 deep elf archers
  A necromancer (D:15)
  17 deep elf pyromancers
  22 deep elf zephyrmancers
  4 orc knights
  10 mana vipers
  20 ugly things
  12 salamanders
  7 orc sorcerers
  A worldbinder (Abyss:3)
  4 manticores
  27 elephants
  5 cyclopes
  A merfolk siren (Lair:2)
  5 guardian serpents
  2 smoke demons
  A torpor snail (Lair:4)
  4 unseen horrors
  48 black mambas
  An apocalypse crab (Abyss:5)
  19 naga magi
  8 cane toads
  A gargoyle (D:10)
  3 kobold demonologists
  An efreet (D:15)
  5 yaktaurs (D:15)
  A demonic crawler (Abyss:3)
  8 komodo dragons
  4 rime drakes
  A redback zombie (D:15)
  3 ancient zymes
  A merfolk (shapeshifter) (D:14)
  A hellwing (Abyss:5)
  The ghost of Gargoyl the Skirmisher, an amateur GnAK of Lugonu (D:7)
  A wind drake (Lair:6)
  3 hornets
  A merfolk (Lair:2)
  3 tengu conjurers
  6 meliai (D:14)
  3 polar bears
  3 raiju (Abyss:5)
  12 trolls
  28 blink frogs
  12 slime creatures
  A blink frog (shapeshifter) (D:14)
  10 dream sheep
  4 air elementals
  2 wraiths
  4 wyverns
  4 water elementals
  74 yaks
  A fire elemental (Lair:2)
  5 hogs (Snake:2)
  6 basilisks
  4 large abominations
  3 steam dragons
  14 vampire mosquitoes
  A neqoxec (Abyss:5)
  A warg (Orc:2)
  41 nagas
  3 acid dragons
  6 hell hounds
  16 water moccasins
  35 orc warriors
  3 black bears
  5 small abominations
  A necrophage (D:6)
  10 ogres
  10 centaurs
  10 wolves (Lair:4)
  A phantom (D:5)
  9 bullfrogs
  2 kobold brigands (D:13)
  A gnoll sergeant (D:9)
  2 earth elementals (Elf:2)
  5 scorpions
  A water moccasin zombie (D:4)
  11 wights
  5 killer bees
  8 howler monkeys
  3 electric eels
  A bullfrog zombie (D:6)
  2 hounds
  6 centaur zombies
  2 bullfrog skeletons
  2 jellies
  A gnoll shaman (D:8)
  24 orc priests
  4 centaur skeletons
  26 orc wizards
  A killer bee zombie (D:7)
  3 centaur simulacra
  9 gnolls
  9 adders
  A howler monkey skeleton (D:7)
  A white imp (D:7)
  A howler monkey simulacrum (D:7)
  3 ufetubi
  An adder skeleton (D:4)
  2 worms (D:3)
  5 dart slugs
  80 orcs
  9 bats
  7 endoplasms
  3 giant cockroaches
  11 hobgoblins
  13 kobolds
  4 quokkas
  7 ball pythons
  8 frilled lizards
  6 goblins
  5 rats
1041 creatures vanquished.

Vanquished Creatures (collateral kills)
  Roxanne (Snake:2)
  Aizul (Snake:2)
  A catoblepas (Lair:6)
  A rime drake (Lair:6)
  A wyvern (Lair:6)
5 creatures vanquished.

Vanquished Creatures (others)
  A deep elf blademaster (Elf:1)
  7 nagarajas (Snake:4)
  A red draconian (Volcano)
  A salamander tyrant (Snake:4)
  2 naga warriors (Snake:4)
  An ogre mage (Volcano)
  6 two-headed ogres (Volcano)
  8 dancing weapons (Elf:2)
  8 naga sharpshooters (Snake:4)
  12 deep elf knights
  A naga ritualist (Snake:4)
  3 deep elf archers (Elf:1)
  5 deep elf pyromancers
  4 deep elf zephyrmancers
  2 salamanders (Snake:4)
  A black mamba (Snake:4)
  4 guardian serpents (Snake:4)
  3 naga magi (Snake:4)
  A naga (Snake:4)
  An orc priest (Orc:2)
  An orc wizard (Orc:2)
  A bush (Abyss:5)
  A fire vortex (Lair:5)
  51 fungi
  105 plants
  25 starspawn tentacles
256 creatures vanquished.

Grand Total: 1302 creatures vanquished

Notes
Turn   | Place    | Note
-------+----------+-------------------------------------------
     0 | Abyss:1  | Lekart the Draconian Abyssal Knight began the quest for the
                  | Orb.
     0 | Abyss:1  | Reached XP level 1. HP: 19/19 MP: 2/2
    35 | Abyss:2  | Noticed a small abomination
    37 | D:1      | Escaped the Abyss
   252 | D:1      | Reached XP level 2. HP: 24/26 MP: 3/3
   344 | D:1      | Found a faded altar of an unknown god.
   366 | D:1      | Reached * piety under Lugonu
  1013 | D:2      | Reached XP level 3. HP: 20/33 MP: 4/4
  1511 | D:2      | Found a blossoming altar of Fedhas.
  1652 | D:2      | Reached ** piety under Lugonu
  2098 | D:2      | Reached skill level 11 in Invocations
  2098 | D:2      | Reached XP level 4. HP: 40/40 MP: 4/11
  2441 | D:3      | Reached XP level 5. HP: 17/46 MP: 13/13
  3932 | D:4      | Reached *** piety under Lugonu
  3981 | D:4      | Reached XP level 6. HP: 21/53 MP: 14/14
  4478 | D:4      | Your scales start taking on a pale cyan-grey colour.
  4478 | D:4      | Reached XP level 7. HP: 57/60 MP: 15/15
  4478 | D:4      | Gained mutation: You are immune to the effects of steam.
                  | [Pale Draconian growth]
  4739 | D:5      | Entered Level 5 of the Dungeon
  5726 | D:6      | Reached skill level 5 in Fighting
  5726 | D:6      | Reached skill level 12 in Invocations
  5726 | D:6      | Reached XP level 8. HP: 68/68 MP: 15/17
  5879 | D:6      | Found Ufed's Magic Scroll Boutique.
  5887 | D:6      | Bought a scroll of enchant weapon for 112 gold pieces
  5887 | D:6      | Bought a scroll of blinking for 112 gold pieces
  5887 | D:6      | Bought 3 scrolls of teleportation for 135 gold pieces
  5900 | D:6      | Reached skill level 5 in Long Blades
  5973 | D:6      | Found an ornate altar of the Wu Jian Council.
  6167 | D:6      | Found a white marble altar of Elyvilon.
  6379 | D:6      | Noticed a gargoyle
  6383 | D:6      | Banished a gargoyle
  6384 | D:6      | Reached XP level 9. HP: 70/75 MP: 9/18
  6574 | D:6      | Found a bloodstained altar of Trog.
  6907 | D:7      | Found a stormy altar of Qazlal.
  6937 | D:7      | Noticed a deep elf pyromancer
  6949 | D:7      | Banished a deep elf pyromancer
  7075 | D:7      | Found a staircase to the Ecumenical Temple.
  7105 | D:7      | Identified the ring "Yxucvoam" {rC++ rN+ Will- Int+3}
  7138 | D:7      | Reached **** piety under Lugonu
  7173 | Temple   | Entered the Ecumenical Temple
  7529 | D:7      | Found a runed translucent gate.
  7530 | D:7      | Found a runed translucent gate.
  7530 | D:7      | Found a runed translucent gate.
  7594 | D:7      | Noticed Gargoyl's ghost (amateur GnAK)
  7626 | D:7      | Killed Gargoyl's ghost
  7627 | D:7      | Reached skill level 1 in Maces & Flails
  7627 | D:7      | Reached skill level 5 in Dodging
  7753 | D:8      | Found an opulent altar of Gozag.
  7886 | D:8      | Noticed a two-headed ogre
  7889 | D:8      | Banished a two-headed ogre
  7890 | D:8      | Reached skill level 13 in Invocations
  7890 | D:8      | Reached XP level 10. HP: 79/84 MP: 14/19
  7978 | D:8      | Noticed a two-headed ogre
  7985 | D:8      | Banished a two-headed ogre
  8043 | D:8      | Found Odimu's Jewellery Boutique.
  8199 | D:8      | Found a glowing silver altar of Zin.
  8250 | D:8      | Found a glowing golden altar of the Shining One.
  8461 | D:8      | Identified the +10 rapier of Vuem Vece {venom, rF+ rN++
                  | Str+2}
  8504 | D:9      | Noticed a two-headed ogre
  8729 | D:9      | Reached skill level 1 in Short Blades
  8741 | D:9      | Noticed a two-headed ogre
  8818 | D:8      | Banished a two-headed ogre
  8819 | D:8      | Reached skill level 5 in Maces & Flails
  8889 | D:9      | Banished a two-headed ogre
  8890 | D:9      | Reached XP level 11. HP: 92/92 MP: 16/21
  9379 | D:9      | Found a staircase to the Lair.
  9423 | D:10     | Entered Level 10 of the Dungeon
  9867 | D:10     | Reached skill level 14 in Invocations
  9954 | D:10     | Reached skill level 1 in Shields
 10013 | D:10     | Found Tocudwej's Serpentskin Sales.
 10314 | D:10     | Found a staircase to the Orcish Mines.
 10515 | Lair:1   | Entered Level 1 of the Lair of Beasts
 10574 | Lair:1   | Found a dark tunnel.
 10574 | Lair:1   | Noticed a lindwurm
 10583 | Volcano  | Entered a volcano
 10599 | Volcano  | Noticed an ogre mage
 10602 | Volcano  | Found a bloodstained altar of Trog.
 10603 | Volcano  | Corrupted Volcano
 10603 | Volcano  | Noticed a two-headed ogre
 10603 | Volcano  | Noticed a two-headed ogre
 10603 | Volcano  | Noticed a starcursed mass
 10603 | Volcano  | Noticed a bone dragon
 10603 | Volcano  | Noticed a white very ugly thing
 10603 | Volcano  | Noticed a thrashing horror
 10603 | Volcano  | Noticed a tentacled starspawn
 10603 | Volcano  | Noticed a starcursed mass
 10603 | Volcano  | Noticed a glowing orange brain
 10603 | Volcano  | Noticed a thrashing horror
 10603 | Volcano  | Noticed a starcursed mass
 10603 | Volcano  | Noticed a sixfirhy
 10603 | Volcano  | Noticed a tentacled starspawn
 10604 | Volcano  | Killed an ogre mage
 10605 | Volcano  | Noticed a large abomination
 10606 | Volcano  | Killed a two-headed ogre
 10607 | Volcano  | Killed a two-headed ogre
 10607 | Volcano  | Killed a two-headed ogre
 10608 | Volcano  | Noticed a red draconian
 10608 | Volcano  | Killed a two-headed ogre
 10608 | Volcano  | Killed a two-headed ogre
 10609 | Volcano  | Killed a two-headed ogre
 10611 | Volcano  | Killed a red draconian
 10615 | Volcano  | Noticed a rakshasa
 10616 | Volcano  | Noticed a starcursed mass
 10622 | Volcano  | Noticed a deep elf sorcerer
 10627 | Volcano  | Noticed a tentacled starspawn
 10630 | Volcano  | Noticed a reaper
 10675 | Volcano  | Noticed a death drake
 10675 | Volcano  | a water nymph changed into a death drake
 10695 | Volcano  | Noticed a large abomination
 10949 | Lair:1   | Killed a lindwurm
 10950 | Lair:1   | Reached skill level 5 in Short Blades
 12049 | Lair:2   | Reached XP level 12. HP: 101/101 MP: 22/22
 12277 | Lair:2   | Noticed an eight-headed hydra
 12283 | Lair:2   | Banished an eight-headed hydra
 12364 | Lair:2   | Found a staircase to the Snake Pit.
 12628 | Lair:2   | Found a staircase to the Shoals.
 12963 | Lair:2   | Gained mutation: You possess an exceptional clarity of
                  | mind. [potion of mutation]
 12963 | Lair:2   | Gained mutation: You have very sharp teeth. [potion of
                  | mutation]
 12963 | Lair:2   | Gained mutation: Your large and strong wings let you fly.
                  | [potion of mutation]
 12963 | Lair:2   | Gained mutation: Your mind is acute. (Int +2) [potion of
                  | mutation]
 12988 | Lair:3   | Noticed a six-headed hydra
 12989 | Lair:3   | Banished a six-headed hydra
 13175 | Lair:3   | Reached skill level 15 in Invocations
 13213 | Lair:3   | Identified the +1 leather armour "Osiliwn" {rElec rPois rF-
                  | Will+}
 13274 | Lair:2   | HP: 5/103 [poisoned by a cane toad]
 13279 | Lair:2   | HP: 4/103 [poisoned by a cane toad]
 13488 | Lair:3   | Identified the +2 robe of the Earth {Dex+3}
 13809 | Lair:3   | Reached skill level 5 in Shields
 14303 | Lair:4   | Noticed a five-headed hydra
 14308 | Lair:4   | Banished a five-headed hydra
 14375 | Lair:4   | Reached XP level 13. HP: 110/110 MP: 24/24
 14816 | Lair:4   | Reached ***** piety under Lugonu
 15538 | Lair:5   | Got Guxac's Papyrus of the Glacier
 15827 | Lair:5   | Identified the +1 leather armour of the Vestibule of Hell
                  | {Int+3 Dex+4 Slay+3}
 15879 | Lair:5   | Reached skill level 16 in Invocations
 16186 | Lair:5   | Reached skill level 10 in Short Blades
 16602 | Lair:6   | Entered Level 6 of the Lair of Beasts
 16873 | Lair:6   | Found a staircase to the Slime Pits.
 16892 | Lair:6   | Reached XP level 14. HP: 86/119 MP: 26/26
 16965 | Lair:6   | Reached skill level 10 in Fighting
 17322 | Lair:6   | Reached skill level 1 in Throwing
 17504 | Lair:6   | Reached skill level 1 in Evocations
 17890 | Lair:6   | Identified the +6 trident of Hetez {vorpal, rF+}
 17942 | Lair:6   | Identified the +4 chain mail of Entitlement {rC+}
 18139 | Lair:6   | Reached skill level 17 in Invocations
 18798 | Orc:1    | Entered Level 1 of the Orcish Mines
 19012 | Orc:1    | Found Uniesof's Weapon Shop.
 19025 | Orc:1    | Noticed Sonja
 19037 | Orc:1    | Killed Sonja
 19426 | Orc:2    | Entered Level 2 of the Orcish Mines
 19426 | Orc:2    | Found Kust's Weapon Shoppe.
 20027 | Orc:2    | Found a staircase to the Elven Halls.
 20154 | Orc:2    | Noticed an orc warlord
 20258 | Orc:2    | Banished an orc warlord
 20326 | Orc:2    | Reached skill level 10 in Dodging
 20408 | Orc:2    | Paralysed by an orc sorcerer for 5 turns
 20544 | Orc:2    | Paralysed by an orc sorcerer for 3 turns
 20824 | Orc:2    | Found Anacal's General Store.
 20825 | Orc:2    | Found Roipnuh's Jewellery Emporium.
 20827 | Orc:2    | Found Gocutiapp's Antique Armour Emporium.
 20827 | Orc:2    | Found Uckianot's Antique Weapon Shoppe.
 20843 | Orc:2    | Bought the brooch of Shielding {Spirit SH+8} for 712 gold
                  | pieces
 20843 | Orc:2    | Found the brooch of Shielding {Spirit SH+8}
 20863 | Orc:2    | Bought a pair of embroidered gloves for 195 gold pieces
 20878 | Orc:2    | Bought a faintly glowing scythe for 216 gold pieces
 20878 | Orc:2    | Identified the +5 scythe of Calamity {holy, rF- Will+++
                  | Dex+5} (You bought it in a shop on level 2 of the Orcish
                  | Mines)
 20878 | Orc:2    | Bought an ichor-stained whip for 202 gold pieces
 20878 | Orc:2    | Identified the +6 whip "Quinesy" {spect, rF+ rC+} (You
                  | bought it in a shop on level 2 of the Orcish Mines)
 20878 | Orc:2    | Bought an iridescent hand axe for 216 gold pieces
 20878 | Orc:2    | Identified the +6 hand axe of a Hundred Knives {vamp, rN+}
                  | (You bought it in a shop on level 2 of the Orcish Mines)
 21278 | D:11     | Reached XP level 15. HP: 90/129 MP: 23/27
 21463 | D:11     | Found Seep Bodd's Book Shop.
 22273 | D:12     | Reached ****** piety under Lugonu
 23245 | D:13     | Reached skill level 18 in Invocations
 24811 | D:14     | Found a gate leading to a gauntlet.
 24827 | Gauntlet | Entered a Gauntlet
 24827 | Gauntlet | Found a transporter.
 24965 | Gauntlet | Found a transporter.
 24968 | Gauntlet | Found a transporter.
 24969 | Gauntlet | Found a transporter.
 24973 | Gauntlet | Found a runed translucent door.
 24975 | Gauntlet | Found a runed translucent door.
 24977 | Gauntlet | Found a transporter.
 24980 | Gauntlet | Found a transporter.
 24981 | Gauntlet | Found a transporter.
 24990 | Gauntlet | Found a transporter.
 24993 | Gauntlet | Found a transporter.
 24994 | Gauntlet | Found a transporter.
 25002 | Gauntlet | Found a transporter.
 25005 | Gauntlet | Found a transporter.
 25006 | Gauntlet | Found a transporter.
 25014 | Gauntlet | Found a transporter.
 25585 | D:13     | Reached skill level 10 in Shields
 26500 | D:14     | Found a gate to the Vaults.
 26568 | D:15     | Entered Level 15 of the Dungeon
 26570 | D:15     | Found a glowing silver altar of Zin.
 26572 | D:15     | Found a white marble altar of Elyvilon.
 26573 | D:15     | Found a glowing golden altar of the Shining One.
 27088 | D:15     | Reached XP level 16. HP: 122/138 MP: 25/29
 27234 | D:15     | Found Cusun's Armour Emporium.
 27243 | D:15     | Bought a +2 cloak of poison resistance for 370 gold pieces
 27328 | D:15     | Found a staircase to the Depths.
 27662 | Snake:1  | Entered Level 1 of the Snake Pit
 27933 | Snake:1  | Noticed Azrael
 27969 | Lair:2   | Killed Azrael
 29856 | Snake:1  | Reached skill level 19 in Invocations
 31824 | Snake:2  | Noticed Roxanne
 32025 | Snake:2  | Noticed Kirke
 32086 | Snake:2  | Banished Kirke
 32494 | Snake:2  | Noticed Aizul
 32516 | Snake:2  | Killed Aizul
 32538 | Snake:2  | Killed Roxanne
 32735 | Snake:2  | Found Eqiok's Jewellery Emporium.
 32735 | Snake:2  | Found Takheysch's Book Boutique.
 32745 | Snake:2  | Found Ukeacen's Jewellery Emporium.
 33304 | Snake:3  | Reached XP level 17. HP: 101/146 MP: 20/30
 35124 | Snake:3  | Upgraded the game from 0.28-a0-1506-g3893175d92 to
                  | 0.28-a0-1510-gd0f6b136d3
 35142 | Snake:3  | Found a snail-covered altar of Cheibriados.
 35893 | Snake:4  | Entered Level 4 of the Snake Pit
 37583 | Snake:4  | Reached skill level 20 in Invocations
 39380 | Snake:4  | Corrupted Snake:4
 39384 | Snake:4  | Noticed a lich
 40001 | Snake:4  | Got a serpentine rune of Zot
 40536 | Elf:1    | Entered Level 1 of the Elven Halls
 42249 | Elf:1    | Reached XP level 18. HP: 156/156 MP: 32/32
 42249 | Elf:1    | Found Tuwne's General Store.
 42801 | Elf:1    | Found Taid's General Store.
 42825 | Elf:1    | Learned a level 6 spell: Statue Form
 42836 | Elf:1    | Found Sank's General Store.
 42840 | Elf:1    | Bought a scroll of enchant weapon for 120 gold pieces
 42842 | Elf:1    | Found Yleithen's General Store.
 42850 | Elf:1    | Bought a potion of heal wounds for 70 gold pieces
 43177 | Elf:1    | Paralysed by an air elemental for 1 turns
 43229 | Elf:1    | Reached skill level 1 in Earth Magic
 43247 | Elf:1    | Reached skill level 1 in Transmutations
 43307 | Elf:1    | Reached skill level 1 in Spellcasting
 43821 | Elf:1    | Paralysed by an air elemental for 1 turns
 44108 | Elf:1    | Corrupted Elf:1
 44108 | Elf:1    | Noticed a bone dragon
 44114 | Elf:1    | Noticed a bone dragon
 44928 | Elf:2    | Paralysed by an air elemental for 1 turns
 45198 | Elf:2    | Found a runed translucent gate.
 45202 | Elf:2    | Found a runed translucent gate.
 45202 | Elf:2    | Found a runed translucent gate.
 45670 | Elf:2    | Gained mutation: You are frail. (-10% HP) [mutagenic glow]
 45677 | Elf:2    | Gained mutation: You are very frail. (-20% HP) [mutagenic
                  | glow]
 45689 | Elf:2    | Gained mutation: Your magical capacity is low. (-10% MP)
                  | [mutagenic glow]
 45717 | Elf:2    | Lost mutation: Your mind is acute. (Int +2) [mutagenic
                  | glow]
 45867 | Elf:2    | Lost mutation: You possess an exceptional clarity of mind.
                  | [potion of mutation]
 45867 | Elf:2    | Lost mutation: You have very sharp teeth. [potion of
                  | mutation]
 45867 | Elf:2    | Gained mutation: Your body sometimes deteriorates upon
                  | taking damage. [potion of mutation]
 45867 | Elf:2    | Gained mutation: You have large cloven feet. [potion of
                  | mutation]
 45868 | Elf:2    | Lost mutation: Your body sometimes deteriorates upon taking
                  | damage. [potion of mutation]
 45868 | Elf:2    | Lost mutation: You are very frail. (-20% HP) [potion of
                  | mutation]
 45868 | Elf:2    | Gained mutation: You are very frail. (-20% HP) [potion of
                  | mutation]
 45868 | Elf:2    | Gained mutation: You have supernaturally acute eyesight.
                  | (SInv) [potion of mutation]
 45869 | Elf:2    | Lost mutation: You are very frail. (-20% HP) [potion of
                  | mutation]
 45869 | Elf:2    | Lost mutation: You are frail. (-10% HP) [potion of
                  | mutation]
 45869 | Elf:2    | Lost mutation: You have large cloven feet. [potion of
                  | mutation]
 45869 | Elf:2    | Gained mutation: Your spells are a little easier to cast,
                  | but a little less powerful. [potion of mutation]
 45869 | Elf:2    | Gained mutation: You are robust. (+10% HP) [potion of
                  | mutation]
 46585 | Elf:2    | Corrupted Elf:2
 46967 | Elf:3    | Entered Level 3 of the Elven Halls
 47291 | Elf:3    | Found Teptaatec's Book Shoppe.
 47291 | Elf:3    | Paralysed by an air elemental for 1 turns
 47293 | Elf:3    | Paralysed by an air elemental for 1 turns
 47393 | Elf:3    | Got Qadgh's Further Steps in Secret Knowledge
 47395 | Elf:3    | Cast into level 3 of the Abyss (a deep elf sorcerer)
 47531 | Abyss:3  | Noticed a lich
 47685 | Abyss:5  | Entered Level 5 of the Abyss
 47709 | Abyss:5  | Found a corrupted altar of Lugonu.
 47918 | Abyss:5  | Paralysed by a great orb of eyes for 7 turns
 48166 | Abyss:5  | Noticed a bone dragon
 48268 | Elf:3    | Escaped the Abyss
 48272 | Elf:3    | Killed from afar by a deep elf sorcerer

Illustrated notes

Levels and vault maps discovered:
D:1:      minmay_arrival_pointy, layout_loops_ring,
          hellmonk_ecumenical_altar_blasted
D:2:      layout_loops_ring, basic_altar, minmay_fountain_box,
          chequers_big_river, minmay_misc_feat_ornament
D:3:      layout_rooms, cheibrodos_sewer_entry_bend
D:4:      layout_loops_ring
D:5:      layout_loops_corners
D:6:      layout_loops_ring, lemuel_coloured_pillars_altar,
          mainiacjoe_overflow_surrounded_room, serial_shops, shop,
          minmay_ruined_shrine
D:7:      layout_rooms, nicolae_qazlal_general_emergency,
          minmay_temple_entry_ruins, gammafunk_ghost_necromancy, nrook_campfire
D:8:      layout_rooms, zin_statuary,
          chequers_temple_overflow_statue_of_worship, serial_shops,
          nicolae_shop_statue_plus, hex_large
D:9:      layout_rooms, grunt_lair_entry_orc_guard_hut, nicolae_wwwww
D:10:     layout_stronghold, orc_0_dummy, guppyfry_shop_venom
D:11:     layout_basic, serial_shops, shop
D:12:     layout_irregular_city
D:13:     lemuel_troll_bridge, layout_loops_ring, chequers_mini_garden
D:14:     layout_cave_pools, david_vaults_4, gauntlet_entry_generic,
          minmay_misc_feat_plants, corexii_leaking_fountain, dk_noncrumbling_2,
          minmay_puff
D:15:     grunt_enter_depths_magical_seal, layout_basic, good_gods_temple_1,
          serial_shops, nicolae_lakefront_shop, chequers_avenue
Temple:   nicolae_temple_elliptical
Lair:1:   layout_chaotic_city, nicolae_volcano_entry_vermiform,
          infiniplex_staircase_pool
Lair:2:   layout_regular_city, elwin_shoals_entry_rooms, dummy_snake_entry,
          hangedman_lair_unloving_vines, grunt_forest_small_clearings,
          serial_bayou_lagoon_b
Lair:3:   layout_gridlike, eino_small_chamber_without_monster,
          kennysheep_basilisk_garden, lemuel_fruit_tree
Lair:4:   layout_cave_pods, nicolae_lair_grazing_beasts
          [nicolae_sub_lair_graze_edge, nicolae_sub_lair_graze_edge,
          nicolae_sub_lair_graze_edge, nicolae_sub_lair_graze_edge],
          grunt_megastairs_2
Lair:5:   layout_gridlike
Lair:6:   gammafunk_lair_ancient_temple, layout_regular_city,
          minmay_slime_entry_pillars
Snake:1:  layout_onion, st_stairs_10, nicolae_snake_storage_room, uniq_azrael
Snake:2:  layout_misc_corridors, minmay_shop_grove, uniq_roxanne, uniq_kirke,
          uniq_aizul
Snake:3:  layout_chambers, basic_altar, nicolae_snake_bzzzt, grunt_megastairs_3,
          serial_bayou_shore_a
Snake:4:  grunt_snake_rune_spirals, layout_onion
Orc:1:    layout_caves, serial_shops, nicolae_shop_hallway_plus, basic_altar,
          uniq_sonja
Orc:2:    st_orc_congregation, layout_diamond_mine, serial_shops, shop,
          nicolae_orc_damp_corner
Elf:1:    cheibrodos_elf_bladeworks, layout_geoelf_octagon, serial_shops,
          nicolae_shop_crystal, nicolae_shop_hallway_stairs, shop,
          nicolae_shop_waterfront, hangedman_corner_corridor,
          grunt_ministairs_5, nicolae_elf_glass_and_crystal_pillar_2,
          minmay_misc_feat_rows, st_stairs_4, minivault_28
Elf:2:    nicolae_elf_blades_splatter_lattice [nicolae_blade_tridents],
          layout_geoelf_diagonals, kilobyte_mutagenic_chamber
Elf:3:    minmay_elf_hall_x, layout_loops_ring, serial_shops,
          nicolae_shop_hallway_plus, nicolae_elf_blasts_and_bolts

Skill      XL: |  1  2  3  4  5  6  7  8  9 10 11 12 13 14 15 16 17 18 |
---------------+-------------------------------------------------------+-----
Fighting       | 4 5 6 7 8 9 11 12 13 | 13.1
Invocations    | 11 12 13 14 15 16 17 18 19 20 | 20.5
Long Blades    | 3 4 6 |  6.7
Dodging        | 3 4 5 6 7 8 9 10 11 12 13 | 13.1
Maces & Flails | 3 5 6 |  6.6
Short Blades   | 2 6 8 10 11 12 13 14 | 14.2
Shields        | 3 5 7 8 10 12 13 14 | 14.3
Throwing       | 1 |  1.1
Evocations     | 1 |  1.8
Earth Magic    | 3 |  3.1
Transmutations | 3 |  3.2
Spellcasting   | 2 |  2.9

Action                   |  1- 3 |  4- 6 |  7- 9 | 10-12 | 13-15 | 16-18 || total
-------------------------+-------+-------+-------+-------+-------+-------++-------
Melee: Falchion          |   114 |   191 |   183 |       |       |       ||   488
       Tailslap          |     6 |    27 |    46 |   120 |   393 |   513 ||  1105
       Punch             |     1 |     2 |     2 |     1 |       |       ||     6
       Flail             |       |       |    93 |    39 |       |       ||   132
       Rapier            |       |       |       |   521 |  1242 |  2047 ||  3810
       Bite              |       |       |       |    29 |   285 |   319 ||   633
       Whip              |       |       |       |       |   414 |    47 ||   461
Throw: Boomerang         |       |       |       |    16 |     2 |       ||    18
Invok: Depart the Abyss  |     1 |       |       |       |       |     1 ||     2
       Banish            |       |     1 |     7 |     8 |    28 |    21 ||    65
       Corrupt           |       |       |       |     1 |       |     3 ||     4
       Bend Space        |       |       |       |       |     5 |     8 ||    13
 Abil: Breathe Steam     |       |       |    13 |    13 |    38 |    56 ||   120
Evoke: Condenser vane    |       |       |       |       |     3 |     2 ||     5
       Wand              |       |       |       |       |    18 |    13 ||    31
       Lightning rod     |       |       |       |       |       |    11 ||    11
  Use: Scroll            |     1 |     7 |     7 |     8 |    11 |     9 ||    43
       Potion            |     1 |     3 |     2 |     6 |     2 |     7 ||    21
 Stab: Sleeping          |     2 |     1 |       |     2 |     2 |     4 ||    11
       Distracted        |       |       |       |       |    10 |     4 ||    14
       Paralysed         |       |       |       |       |     1 |       ||     1
Armor: Skin              |    45 |    82 |   171 |   179 |   316 |   245 ||  1038
Dodge: Dodged            |    68 |   164 |   307 |   414 |   850 |   946 ||  2749
Block: Kite shield       |       |       |       |   264 |  1314 |  2258 ||  3836

Table legend: (Time is in decaauts)
 A = Elapsed time spent in this place.
 B = Non-inter-level travel time spent in this place.
 C = Inter-level travel time spent in this place.
 D = Time resting spent in this place.
 E = Time spent auto-exploring this place.
 F = Levels seen in this place.
 G = Mean time per level.
                   A        B        C        D        E       F      G
               +--------+--------+--------+--------+--------+-----+--------+
         Total |  47554 |  45819 |   1735 |  13735 |  18468 |  38 | 1251.4 |
       Dungeon |  16601 |  15794 |    807 |   2026 |  10251 |  15 | 1106.7 |
        Temple |    177 |    142 |     35 |      0 |    128 |   1 |  177.0 |
          Lair |   8817 |   8363 |    454 |   1736 |   4305 |   6 | 1469.5 |
     Snake Pit |  11408 |  11167 |    241 |   5934 |   1677 |   4 | 2852.0 |
  Orcish Mines |   2682 |   2589 |     93 |    627 |    998 |   2 | 1341.0 |
   Elven Halls |   6320 |   6219 |    101 |   2983 |    847 |   3 | 2106.7 |
         Abyss |    860 |    860 |      0 |    390 |      0 |   5 |  172.0 |
       Volcano |    316 |    316 |      0 |     10 |     36 |   1 |  316.0 |
      Gauntlet |    369 |    369 |      0 |     28 |    226 |   1 |  369.0 |
               +--------+--------+--------+--------+--------+-----+--------+

Top non-repeatable levels by time:
 Snake:4: 3773 daAuts
   Elf:1: 3395 daAuts
 Snake:1: 3167 daAuts
 Snake:3: 3132 daAuts
   Elf:2: 2518 daAuts
  Lair:2: 2264 daAuts
   Orc:2: 2091 daAuts
    D:13: 1766 daAuts
  Lair:6: 1717 daAuts
     D:2: 1490 daAuts
     D:3: 1470 daAuts
 Snake:2: 1335 daAuts
  Lair:5: 1306 daAuts
  Lair:4: 1283 daAuts
    D:14: 1258 daAuts
